Unix NetHack Version 5.0.0-0 post-release - last build May  4 2026 22:22:43 (774f63e81ad911689b3a0859ea89b322d5daca8d,branch:main).

Game began 2026-05-04 22:58:29, ended 2026-05-04 23:16:46.

Catskill, lawful female dwarven Valkyrie

                        ------                          #
                        |....                           #
                        |...-----                       #
                        |...|@m(|                       #
                        |...|(d(|                       #
                        |...|.@.|  ----- ----           #
                       #....-[---  .........--+---+-   |#
                       #|*.............................|#
       |              ##|........{.----- -           ..|#
       |.            ## |..........|                   |##
       |.........    ###|...-+---..|                    #
       |.              #|...|    -+-                    ###
       |              ##|...|                           ####--------
                       #|...|                             ##.......|
                       #|...-                               |......|
                       #|...                             ###...<....
                       #-----                           ##  --------
                       #%################################

Catskill the Skirmisher     St:16 Dx:11 Co:20 In:9 Wi:10 Ch:9  Lawful
Dlvl:7  $:431 HP:0(49) Pw:4(4) AC:4  Xp:4 T:1932 

Latest messages:
 It smells like gnomes.
 Eat it? [yn] (n) y
 You consume boiled gnome.
 What do you want to eat? [djwDE or ?*] ?
 This lichen corpse tastes okay.
 You hear a door open.
 You finish eating the lichen corpse.
 A gnome mummy blocks your path.
 You hit the gnome mummy!
 The gnome mummy hits!
 You hit the gnome mummy!
 The gnome mummy hits!
 You hear a door open.
 You destroy the gnome mummy!
 You see here a gnome corpse.
 It's solid stone.
 It's solid stone.
 The hill orc misses!
 You miss the hill orc.
 The hill orc hits!
 You miss the hill orc.
 The hill orc hits!
 You hit the hill orc!
 The hill orc hits!
 You hit the hill orc.
 The hill orc hits!
 You kill the hill orc!
 The gnomish wizard casts a spell!
 The gnomish wizard is suddenly moving faster.
 The little dog picks up an orcish helm.
 The door opens.
 "Velkommen, Catskill!  Welcome to Htargcm's hardware store!"
 You see here a lamp (for sale, 13 zorkmids).
 You see here a bugle (for sale, 20 zorkmids).
 That strange object is a giant mimic!
 The giant mimic hits!
 The giant mimic hits again!
 You miss the giant mimic.
 You hit the giant mimic!
 The little dog drops an orcish helm.
 You cannot escape from the giant mimic!
 The giant mimic hits!
 The giant mimic hits again!
 You die...
 Htargcm gratefully inherits all your possessions.
 Do you want to see what you had when you died? [ynq] (y) y
 Do you want to see your attributes? [ynq] (y) y
 Do you want an account of creatures vanquished? [ynaq] (y) y
 Do you want to see your conduct and achievements? [ynq] (y) y
 Do you want to see the dungeon overview? [ynq] (y) y

Inventory:
 Coins    ('$')
  $ - 431 gold pieces
 Weapons  (')')
  a - a rusty +1 dwarvish spear (weapon in left hand)
 Armor    ('[')
  x - an uncursed +0 orcish helm (being worn)
  c - an uncursed burnt +3 small shield (being worn)
  o - an uncursed rusty +0 ring mail (being worn)
 Comestibles  ('%')
  D - a cursed banana
  d - 6 uncursed food rations
  w - 2 cursed food rations
  j - 2 uncursed tripe rations
 Scrolls  ('?')
  p - an uncursed scroll of destroy armor
  q - a cursed scroll of enchant weapon
  y - an uncursed scroll of food detection
  g - 2 uncursed scrolls of light
 Potions  ('!')
  F - an uncursed potion of full healing
  h - 2 uncursed potions of healing
  m - an uncursed potion of invisibility
  k - an uncursed potion of sleeping
  n - a potion of holy water
 Rings    ('=')
  H - an uncursed +2 ring of gain constitution
  C - a cursed +1 ring of increase accuracy
 Wands    ('/')
  A - a wand of striking (0:7)
 Tools    ('(')
  v - an uncursed leash
  f - a tinning kit (0:58)
 Gems/Stones  ('*')
  G - an uncursed ruby
  l - an uncursed worthless piece of green glass
  r - an uncursed worthless piece of violet glass
  z - an uncursed worthless piece of yellowish brown glass

Catskill the Valkyrie's attributes:

Background:
 You were a Skirmisher, a level 4 dwarven Valkyrie.
 You were lawful, nominally on a mission for Tyr
 who was opposed by Odin (neutral) and Loki (chaotic).
 You were left-handed.
 You were in the Gnomish Mines, on level 7.
 You entered the dungeon 1932 turns ago.
 It was nighttime.
 There was a full moon in effect when your adventure ended.
 You had 145 experience points, 15 more were needed to attain level 5.

Basics:
 You had 0 out of 49 hit points.
 You had all 4 energy points (spell power).
 Your armor class was 4.
 Your wallet contained 431 zorkmids.
 Autopickup was on, but temporarily disabled while inside the shop.

Final Characteristics:
 Your strength was 16 (limit:18/100).
 Your dexterity was 11 (limit:20).
 Your constitution was 20 (limit:20).
 Your intelligence was 9 (limit:16).
 Your wisdom was 10 (limit:16).
 Your charisma was 9 (limit:16).

Final Status:
 You were held by a giant mimic (east).
 You weren't hungry.
 You were unencumbered.
 You were wielding a spear.
 You had basic skill with spear.

Final Attributes:
 You were devoutly aligned.
 You were cold resistant.
 You had infravision.
 You were stealthy.
 You were warded.
 You were lucky.
 You are dead.

Miscellaneous:
 You encountered 1 bones level.
 Total elapsed playing time was 18 minutes and 15 seconds.

Major events:
 Turn
    1: Catskill the lawful dwarven Valkyrie entered the dungeon
  956: entered the Gnomish Mines
 1292: attained the rank of Skirmisher (level 3)
 1912: reached Mine Town
 1932: killed by a giant mimic

You didn't know any spells.

Skills:
 Fighting Skills
   bare handed combat [Unskilled]
   two weapon combat  [Unskilled]
   riding             [Unskilled]
 Weapon Skills
   dagger             [Basic]
   axe                [Unskilled]
   pick-axe           [Unskilled]
   short sword        [Unskilled]
   broadsword         [Unskilled]
   long sword         [Unskilled]
   two-handed sword   [Unskilled]
   saber              [Unskilled]
   hammer             [Unskilled]
   quarterstaff       [Unskilled]
   polearms           [Unskilled]
   spear              [Basic]
   trident            [Unskilled]
   lance              [Unskilled]
   sling              [Unskilled]
 Spellcasting Skills
   attack spells      [Unskilled]
   escape spells      [Unskilled]

Voluntary challenges:
 Character rerolling was not enabled.
 You were an atheist.
 You never genocided any monsters.
 You never polymorphed an object.
 You never changed form.
 You used no wishes.
Achievements:
 You entered a shop.
 You entered the Gnomish Mines.
 You attained the rank of Skirmisher.
 You entered Minetown.

 The Dungeons of Doom: levels 1 to 3
    Level 1:
       Some fountains.
    Level 2:
       A scroll shop, a fountain, a sink.
    Level 3:
       A fountain, a sink.
       Stairs down to The Gnomish Mines.
 The Gnomish Mines: levels 4 to 7
    Level 4:
       A grave.
       Final resting place for
          23881750910-Val-Hum-Fem-Law, killed by a hill orc.
    Level 5:
    Level 6:
    Level 7: <- You were here.
       A tool shop, a fountain.
       Final resting place for
          you, killed by a giant mimic.
 The Tutorial: levels 1 to 2
    Level 1:
       A tree.
    Level 2:


Vanquished creatures:
  a ghost
  a gnome mummy
  a rock piercer
  4 hill orcs
  a rothe
  a giant bat
 an iguana
  a hobbit
  a hobgoblin
  a cave spider
  8 gnomes
  2 geckos
  a jackal
  a fox
  a sewer rat
  a grid bug
  3 lichens
  2 newts
32 creatures vanquished.

No species were genocided or became extinct.

Game over:
                       ----------
                      /          \
                     /    REST    \
                    /      IN      \
                   /     PEACE      \
                  /                  \
                  |     Catskill     |
                  |       0 Au       |
                  |   killed by a    |
                  |   giant mimic    |
                  |                  |
                  |                  |
                  |       2026       |
                 *|     *  *  *      | *
        _________)/\\_//(\/(/\)/\//\/|_)_______

Farvel Catskill the Valkyrie...

You died in The Gnomish Mines on dungeon level 7 with 890 points,
and 0 pieces of gold, after 1932 moves.
You were level 4 with a maximum of 49 hit points when you died.

